 Dungeon Crawl Stone Soup version 0.26-a0-639-g72c4674329 (webtiles) character file.

Game seed: 14619312030400331295

(classic levelgen) 2412 EnegeticOcto the Cleaver (level 9, 39/81 HPs)
             Began as a Deep Dwarf Fighter on Sept 28, 2020.
             Was a Believer of Makhleb.
             Quit the game on level 7 of the Dungeon.
             The game lasted 00:03:21 (5028 turns).

EnegeticOcto the Cleaver (Deep Dwarf Fighter)       Turns: 5028, Time: 00:03:21

Health: 39/81      AC: 17    Str: 23    XL:     9   Next: 23%
Magic:  4/4        EV:  5    Int:  9    God:    Makhleb [**....]
Gold:   243        SH: 11    Dex: 12    Spells: 8/8 levels left

rFire    . . .     SeeInvis .   a - +0 war axe
rCold    . . .     Faith    .   c - +0 kite shield
rNeg     . . .     Spirit   .   z - +0 plate armour
rPois    .         Reflect  .   (no helmet)
rElec    .         Harm     .   x - +0 cloak
rCorr    .         Rampage  .   t - +1 pair of gloves {archery}
MR       ++...                  k - +0 pair of boots
Stlth    ..........             (no amulet)
HPRegen  0.00/turn              (no ring)
MPRegen  0.09/turn              p - ring of protection from magic

@: mildly poisoned (39 -> 39), non-regenerating
A: damage resistance, heal wounds, sense surroundings 2, no regeneration
a: Heal Wounds, Minor Destruction, Renounce Religion


You were on level 7 of the Dungeon.
You worshipped Makhleb.
Makhleb was pleased with you.
You visited 1 branch of the dungeon, and saw 7 of its levels.
You also visited: Sewer.

You collected 385 gold pieces.
You spent 142 gold pieces at shops.

Inventory:

Hand Weapons
 a - a +0 war axe (weapon)
Armour
 b - a +0 scale mail
 c - a +0 kite shield (worn)
 k - a +0 pair of boots (worn)
 t - a +1 pair of gloves of archery (worn)
 x - a +0 cloak (worn)
 y - a +0 chain mail
 z - a +0 plate armour (worn)
Jewellery
 p - a ring of protection from magic (right hand)
Wands
 f - a wand of acid (1) {@v1}
 s - a wand of disintegration (19)
Scrolls
 e - 10 scrolls of identify {unknown}
 i - 5 scrolls of teleportation {unknown}
 j - a scroll of fog {unknown}
 n - a scroll of noise {unknown}
 o - 2 scrolls of immolation {unknown}
 q - 2 scrolls of enchant armour {unknown}
 v - a scroll of blinking {unknown}
 w - a scroll of silence {unknown}
 A - a scroll of fear {unknown}
 B - 2 scrolls of enchant weapon {unknown}
 C - a scroll of magic mapping {unknown}
 E - a scroll of remove curse {unknown}
 G - a scroll of amnesia {unknown}
Potions
 d - 3 potions of might {@q3}
 g - a potion of haste {unknown}
 h - 4 potions of curing {unknown}
 l - a potion of magic {unknown}
 m - 2 potions of berserk rage {unknown}
 r - 4 potions of stabbing {unknown}
 u - a potion of degeneration {unknown}
 D - a potion of resistance {unknown}
 F - a potion of brilliance {unknown}


   Skills:
 + Level 5.4 Fighting
 * Level 8.3 Axes
 + Level 6.6 Armour
 + Level 6.4 Shields
 + Level 5.8 Invocations


You had 8 spell levels left.
You didn't know any spells.
Your spell library was empty.

Dungeon Overview and Level Annotations

Branches:
Dungeon (7/15)             Temple (0/1) D:6           Sewer (visited)

Altars:
Ashenzari
Hepliaklqana
Makhleb
Nemelex Xobeh
Uskayaw
Zin

Shops:
D:4 [

Annotations:
D:6 Prince Ribbit


Innate Abilities, Weirdness & Mutations

You are resistant to damage.
You can heal yourself by infusing magical energy.
You passively map the area around you.
You do not regenerate.


Message History

The killer bee stings you but does no damage.
You are too injured to fight recklessly!
You are too injured to fight recklessly!
You are too injured to fight recklessly!
You are too injured to fight recklessly!
You are too injured to fight recklessly!
You are too injured to fight recklessly!
You are too injured to fight recklessly!
You are too injured to fight recklessly!
You are too injured to fight recklessly!
You are too injured to fight recklessly!
You are too injured to fight recklessly!
You are too injured to fight recklessly!
You are too injured to fight recklessly!
You are too injured to fight recklessly!
You are too injured to fight recklessly!
You are too injured to fight recklessly!
You are too injured to fight recklessly!
You are too injured to fight recklessly!
You are too injured to fight recklessly!
You are too injured to fight recklessly!
You are too injured to fight recklessly!
You are too injured to fight recklessly!
There are monsters nearby!
You are too injured to fight recklessly!
You feel much better.
The killer bee stings you but does no damage.
The killer bee stings you! You block the killer bee's attack.
The killer bee stings you. You block the killer bee's attack.
The killer bee stings you but does no damage.
Your shield and plate armour prevent you from hitting the killer bee.
The killer bee is almost dead.
You miss the killer bee. You barely miss the killer bee.
The killer bee barely misses you. You block the killer bee's attack.
The killer bee barely misses you.
The killer bee stings you but does no damage. x3
You slash the killer bee!
You kill the killer bee!
Makhleb accepts your kill.
You hit the killer bee. You slash the killer bee!
You kill the killer bee!
Makhleb accepts your kill.
You feel better.
The killer bee stings you but does no damage.
The killer bee barely misses you. You block the killer bee's attack.
You closely miss the killer bee.
The killer bee is heavily wounded.
You block the killer bee's attack. x2
You miss the killer bee.
The killer bee is heavily wounded.
You block the killer bee's attack.
The killer bee stings you but does no damage.
Your shield prevents you from hitting the killer bee.
The killer bee is heavily wounded.
The killer bee stings you.
The killer bee stings you but does no damage.
The killer bee stings you.
You are more poisoned.
The killer bee poisons you!
You closely miss the killer bee.
The killer bee is heavily wounded.
The killer bee stings you.
You are more poisoned.
The killer bee poisons you! You block the killer bee's attack.
You miss the killer bee.
The killer bee is heavily wounded.
You feel very sick.
The killer bee stings you but does no damage.
The killer bee barely misses you.
Your plate armour prevents you from hitting the killer bee.
The killer bee is heavily wounded.
You feel sick. You block the killer bee's attack.
The killer bee stings you but does no damage.
You slash the killer bee!
The killer bee is almost dead.
You feel sick. You block the killer bee's attack.
The killer bee stings you but does no damage. x2
You miss the killer bee.
The killer bee is almost dead.
The killer bee stings you but does no damage.
You block the killer bee's attack.
You hit the killer bee.
You kill the killer bee!
Makhleb accepts your kill.
No target in view!
No target in view!
No target in view!
No target in view!
No target in view!
No target in view!
No target in view!
No target in view!
No target in view!
No target in view!
No target in view!
Saving game... please wait.
Welcome back, EnegeticOcto the Deep Dwarf Fighter.
Blood and souls for Makhleb!
Press ? for a list of commands and other information.
Are you sure you want to abandon this character and quit the game? (Confirm with "yes".)

, * * ** ....>.......###
,* , , ......#....#..###
*# ...#.....#####..# *
#., ,.###....## ##.. ,
...** .# #.....# ##.
,....,,* #.....# ###.
,,, ....., ##...#.#
####...
##....###...##.###....##
, ,,
#......@#..###....)####.
, * ....<.††......##..##
##.
........####.####..###.#
** ........., ##
##.#..## #.####.##
#...### ** # * ##
###.##. ###.# ###


There were no monsters in sight!

Vanquished Creatures
  Joseph (D:7)
  Sigmund (D:6)
  Duvessa (D:6)
  An ice beast (D:6)
  A phantom (D:7)
  3 ogres
  A centaur (D:7)
  A big kobold (D:6)
  A bullfrog (D:6)
  A gnoll sergeant (D:6)
  A water moccasin zombie (D:4)
  A scorpion (D:5)
  Dowan (D:6)
  4 killer bees (D:7)
  4 hounds
  2 centaur skeletons
  A jelly (D:5)
  An orc priest (D:3)
  A bullfrog skeleton (D:7)
  2 iguanas
  An orc wizard (D:5)
  4 worker ants
  A worker ant zombie (D:7)
  A howler monkey zombie (D:7)
  13 gnolls
  13 adders
  A river rat (D:4)
  A shadow imp (D:7)
  An ufetubus (D:7)
  An adder skeleton (D:5)
  6 worms
  3 dart slugs
  3 leopard geckos
  15 orcs
  8 giant cockroaches
  5 goblins
  10 hobgoblins
  2 quokkas (D:3)
  3 ball pythons
  9 bats
  8 frilled lizards
  9 kobolds
  A quokka skeleton (D:5)
  15 rats
164 creatures vanquished.

Notes
Turn   | Place    | Note
-------+----------+-------------------------------------------
     0 | D:1      | EnegeticOcto the Deep Dwarf Fighter began the quest for the
                  | Orb.
     0 | D:1      | Reached XP level 1. HP: 20/20 MP: 1/1
   159 | D:1      | Reached XP level 2. HP: 25/27 MP: 2/2
   567 | D:1      | Reached skill level 3 in Axes
   567 | D:1      | Reached XP level 3. HP: 26/33 MP: 3/3
   954 | D:2      | Found a burning altar of Makhleb.
   954 | D:2      | Found a glowing silver altar of Zin.
   955 | D:2      | Noticed an angel
   955 | D:2      | Noticed a blizzard demon
   956 | D:2      | Reached XP level 4. HP: 28/42 MP: 4/4
   959 | D:2      | Became a worshipper of Makhleb the Destroyer
  1204 | D:3      | Reached * piety under Makhleb
  1219 | D:3      | Reached skill level 4 in Axes
  1219 | D:3      | Reached XP level 5. HP: 31/49 MP: 5/5
  1879 | D:4      | Reached skill level 1 in Invocations
  2003 | D:4      | Reached XP level 6. HP: 51/56 MP: 5/7
  2185 | D:4      | Reached skill level 5 in Axes
  2233 | D:4      | Found a glowing drain.
  2240 | Sewer    | Entered a sewer
  2438 | D:4      | Reached ** piety under Makhleb
  2499 | D:4      | Found Poimull's Antique Armour Boutique.
  2502 | D:4      | Bought a pair of embroidered gloves for 142 gold pieces
  2518 | D:5      | Entered Level 5 of the Dungeon
  2656 | D:5      | Reached XP level 7. HP: 45/63 MP: 7/7
  2895 | D:5      | Reached skill level 5 in Armour
  3017 | D:5      | Reached skill level 5 in Shields
  3114 | D:5      | Found a hazy altar of Hepliaklqana.
  3114 | D:5      | Found a hide-covered altar of Uskayaw.
  3115 | D:5      | Found a sparkling altar of Nemelex Xobeh.
  3397 | D:6      | Reached skill level 6 in Axes
  3459 | D:6      | Found a shattered altar of Ashenzari.
  3660 | D:6      | Noticed Dowan
  3663 | D:6      | Noticed Duvessa
  3672 | D:6      | Identified the +1 leather armour of Nidilamm {Rampage
                  | rElec}
  3681 | D:6      | Killed Dowan
  3681 | D:6      | Reached XP level 8. HP: 53/73 MP: 7/7
  3690 | D:6      | Killed Duvessa
  3786 | D:6      | Found a staircase to the Ecumenical Temple.
  3819 | D:6      | Reached skill level 7 in Axes
  3949 | D:6      | Noticed Prince Ribbit
  3953 | D:6      | Noticed Sigmund
  3967 | D:6      | Killed Sigmund
  4396 | D:7      | Reached skill level 5 in Fighting
  4440 | D:7      | Reached skill level 5 in Invocations
  4658 | D:7      | Gained mutation: You passively map the area around you.
                  | [Deep Dwarf growth]
  4658 | D:7      | Reached XP level 9. HP: 44/81 MP: 9/9
  4810 | D:7      | Noticed Joseph
  4886 | D:7      | HP: 3/81 [acid (14)]
  4899 | D:7      | Killed Joseph
  4899 | D:7      | Reached skill level 8 in Axes
  5028 | D:7      | Quit the game

Illustrated notes

Levels and vault maps discovered:
D:1:      onia_arrival_handbag, layout_basic, minmay_misc_feat_encased,
          minmay_split_cup_large
D:2:      layout_loops_corners, grunt_temple_overflow_order_and_chaos_2,
          item_on_display_a
D:3:      minmay_recursive_quarters, layout_loops_ring
D:4:      layout_loops_ring, serial_shops, kennysheep_mini,
          lightli_sewer_entry_pipes
D:5:      layout_gridville, nicolae_overflow_hidden_temple
D:6:      layout_basic, ashenzari_altar_1, minmay_temple_entry_offerings,
          uniq_prince_ribbit1, uniq_sigmund, uniq_duvessa
D:7:      layout_layer_cave, hangedman_decor_opposing, nrook_campfire,
          chequers_serial_rivers_marsh, uniq_joseph

Skill      XL: |  1  2  3  4  5  6  7  8  9 |
---------------+----------------------------+-----
Axes           | 3 4 5 6 7 8 |  8.3
Fighting       | 3 4 5 |  5.4
Armour         | 4 5 6 |  6.6
Shields        | 4 5 6 |  6.4
Invocations    | 1 2 3 5 |  5.8

Action                   |  1- 3 |  4- 6 |  7- 9 || total
-------------------------+-------+-------+-------++-------
Melee: War axe           |   120 |   233 |   339 ||   692
 Abil: Heal Wounds       |     1 |     9 |    29 ||    39
Evoke: Wand              |       |       |     3 ||     3
Armor: Scale mail        |    36 |   116 |    44 ||   196
       Plate armour      |       |       |   222 ||   222
       Chain mail        |       |       |     3 ||     3
Dodge: Dodged            |    36 |    66 |   106 ||   208
Block: Kite shield       |    64 |   153 |   217 ||   434

Table legend: (Time is in decaauts)
 A = Elapsed time spent in this place.
 B = Non-inter-level travel time spent in this place.
 C = Inter-level travel time spent in this place.
 D = Time resting spent in this place.
 E = Time spent auto-exploring this place.
 F = Levels seen in this place.
 G = Mean time per level.
                   A        B        C        D        E       F      G
               +--------+--------+--------+--------+--------+-----+--------+
         Total |   5295 |   5013 |    282 |      0 |   3510 |   8 |  661.9 |
       Dungeon |   5292 |   5010 |    282 |      0 |   3510 |   7 |  756.0 |
         Sewer |      2 |      2 |      0 |      0 |      0 |   1 |    2.0 |
               +--------+--------+--------+--------+--------+-----+--------+

Top non-repeatable levels by time:
     D:6: 1019 daAuts
     D:5: 866 daAuts
     D:3: 820 daAuts
     D:4: 808 daAuts
     D:7: 731 daAuts
     D:1: 636 daAuts
     D:2: 410 daAuts
   Sewer: 2 daAuts
